[Event "Titled Tuesday Blitz June 20 Late 2023"]
[White "Grabs, Peter"]
[Black "Florianovitz, Derlei Alex"]
[WhiteFideId "16203887"]
[BlackFideId "2114178"]
[WhiteElo "1671"]
[BlackElo "1953"]
[Result "0-1"]
[Round "5"]
[TimeControl "180+2"]
[Date "2023.06.20"]
[WhiteClock "0:00:08"]
[BlackClock "0:00:11"]
[Board "161"]

1. e4 e6 2. d4 d5 3. exd5 exd5 4. Bd3 Bd6 5. Nc3 c6 6. Nge2 Qc7 7. Ng3 Be6 8. O-O Nd7 9. Re1 O-O-O 10. a4 g6 11. a5 h5 12. Bxg6 h4 13. Nf1 Ngf6 14. Bd3 Rdg8 15. Na4 Bh3 16. g3 Bxf1 17. Kxf1 hxg3 18. hxg3 Bxg3 19. Be3 Re8 20. Qf3 Bd6 21. Bf5 Kb8 22. Bxd7 Nxd7 23. Nc5 Bxc5 24. dxc5 Ne5 25. Qg2 Reg8 26. Bf4 f6 27. Bxe5 fxe5 28. Qf3 e4 29. Qe3 Qg7 30. a6 Qg4 31. Qg3+ Qxg3 32. fxg3 Rxg3 33. Ke2 Rh2+ 34. Kd1 Rgg2 35. Ra2 Rxc2 36. Rg1 Rhd2+ 37. Ke1 Rc1+ 38. Kxd2 Rxg1 39. axb7 Kxb7 40. Ke3 Rd1 41. Ke2 Rd3 42. b4 Rb3 43. Ra4 a6 44. Kd2 d4 45. Kc2 Rf3 46. b5 cxb5 47. Rxd4 e3 48. Rd3 Kc6 49. Kd1 Kxc5 50. Ke2 Rf2+ 51. Kxe3 Rc2 52. Rd8 Rc3+ 53. Kd2 Kb4 54. Rd4+ Rc4 55. Rd8 a5 56. Ra8 a4 57. Ke3 a3 58. Kd2 Kb3 59. Kd3 Rc3+ 60. Kd2 b4 61. Ke2 a2 62. Kd2 Kb2 63. Ke2 b3 64. Kd2 Rc2+ 65. Ke3 a1=Q 66. Rxa1 Kxa1 67. Kd4 b2 68. Ke5 b1=Q 69. Kd5 Qd1+ 70. Ke5 Re2+ 71. Kf5 Qf1+ 72. Kg5 Rg2+ 73. Kh5 Qh1# 0-1


[Site "https://www.chess.com"]

[Event "Titled Tuesday Blitz June 20 Late 2023"]
[White "Vargas, Mauricio"]
[Black "Kornyukov, Alexey"]
[WhiteFideId "4404572"]
[BlackFideId "4150457"]
[WhiteElo "1986"]
[BlackElo "2352"]
[Result "0-1"]
[Round "5"]
[TimeControl "180+2"]
[Date "2023.06.20"]
[WhiteClock "0:00:07"]
[BlackClock "0:00:19"]
[Board "162"]

1. e4 c5 2. Nc3 e6 3. f4 d5 4. Nf3 dxe4 5. Nxe4 Nc6 6. Bb5 Bd7 7. O-O Be7 8. d3 Nf6 9. Nf2 O-O 10. Bxc6 Bxc6 11. Qe1 Bxf3 12. gxf3 Nd5 13. Kh1 Bh4 14. Qe4 Bxf2 15. Rxf2 Qh4 16. Rg2 Rad8 17. Bd2 g6 18. Rag1 Rd7 19. a3 Nf6 20. Qe5 Rd5 21. Qc3 Nh5 22. Rg4 Qh3 23. Be1 Qxf3+ 24. R1g2 Nxf4 25. Rg3 Qh5 26. Rg1 Ne2 27. Qd2 Nxg1 28. Rxg1 Rf5 29. Bg3 Rd8 30. Qf2 Rxf2 31. Bxf2 Qf3+ 32. Rg2 Rd5 33. Bg1 Rg5 0-1


[Site "https://www.chess.com"]

[Event "Titled Tuesday Blitz June 20 Late 2023"]
[White "Tarnowska, Aleksandra"]
[Black "Dmitriev, Sergey"]
[WhiteFideId "1180967"]
[BlackFideId "14101785"]
[WhiteElo "1776"]
[BlackElo "2132"]
[Result "1-0"]
[Round "5"]
[TimeControl "180+2"]
[Date "2023.06.20"]
[WhiteClock "0:00:06"]
[BlackClock "0:00:09"]
[Board "163"]

1. e4 d6 2. d4 g6 3. Nc3 Bg7 4. Be3 Nf6 5. Qd2 O-O 6. O-O-O Nc6 7. h4 h5 8. f3 e5 9. d5 Nd4 10. Nge2 Nxe2+ 11. Bxe2 a6 12. Rdg1 b5 13. Bg5 b4 14. Na4 Bd7 15. Qxb4 Rb8 16. Qa3 Qe8 17. Nc3 Bb5 18. Nxb5 axb5 19. Bxf6 Bxf6 20. g4 hxg4 21. Rxg4 b4 22. Qb3 Kg7 23. Qe3 Rh8 24. h5 Qa4 25. h6+ Kh7 26. Bc4 Rb6 27. Bb3 Qb5 28. Kb1 Qc5 29. Qxc5 dxc5 30. f4 Re8 31. fxe5 Rxe5 32. Rf4 Re7 33. Rhf1 Bg5 34. Rxf7+ Rxf7 35. Rxf7+ Kxh6 36. Rxc7 Rf6 37. a3 bxa3 38. bxa3 Be3 39. a4 Bd4 40. Kc1 Rf1+ 41. Kd2 Rf2+ 42. Ke1 Rf4 43. Re7 Bf2+ 44. Ke2 Bd4 45. a5 Rf2+ 46. Ke1 Rf6 47. Bc4 Kg5 48. a6 Rf8 49. a7 Ra8 50. d6 Kf6 51. Rf7+ Ke5 52. Bd5 Be3 53. Bxa8 Bg5 54. Bd5 Bd8 55. a8=Q Bf6 56. Qe8+ Kd4 57. Rxf6 Kc3 58. Qc6 Kd4 59. Qa4+ Ke3 60. Qb3+ Kd4 61. Qd3+ Ke5 62. Qc3# 1-0


[Site "https://www.chess.com"]

[Event "Titled Tuesday Blitz June 20 Late 2023"]
[White "Howell, David W L"]
[Black "Bongo Akanga Ndjila, Barthelemy"]
[WhiteFideId "410608"]
[BlackFideId "10609431"]
[WhiteElo "2567"]
[BlackElo "1768"]
[Result "1-0"]
[Round "5"]
[TimeControl "180+2"]
[Date "2023.06.20"]
[WhiteClock "0:00:53"]
[BlackClock "0:00:15"]
[Board "164"]

1. d4 d5 2. Bf4 e6 3. e3 Nf6 4. Nf3 Be7 5. Nbd2 Nh5 6. Be5 f6 7. Bg3 g6 8. c4 Nxg3 9. hxg3 c6 10. Qc2 Nd7 11. Bd3 Nf8 12. O-O-O Qa5 13. Kb1 Bd7 14. e4 O-O-O 15. cxd5 exd5 16. Nb3 Qb6 17. exd5 Kb8 18. dxc6 Bxc6 19. Be4 Rc8 20. Rc1 Nd7 21. Bxc6 Rxc6 22. Qe4 Rxc1+ 23. Rxc1 Bd6 24. Qe6 Rd8 25. Qf7 a5 26. Nbd2 a4 27. Nc4 Qa6 28. Qxh7 Bb4 29. Qxg6 Rc8 30. Ne3 Rxc1+ 31. Kxc1 a3 32. Qe8+ Kc7 33. Nd5+ Kd6 34. Nxb4 axb2+ 35. Kxb2 Qc4 36. a3 Nb6 37. Qf8+ Kd7 38. Qg7+ Kc8 39. Qf8+ Kc7 40. Qc5+ Kb8 41. Qxc4 Nxc4+ 42. Kb3 Nd6 43. g4 Kc7 44. Nd5+ Kc6 45. Nxf6 Ne4 46. Nxe4 1-0


[Site "https://www.chess.com"]

[Event "Titled Tuesday Blitz June 20 Late 2023"]
[White "Szczepanek, Radoslaw"]
[Black "De Souza, Cristiano Gomes"]
[WhiteFideId "1120395"]
[BlackFideId "2151758"]
[WhiteElo "2161"]
[BlackElo "2068"]
[Result "1-0"]
[Round "5"]
[TimeControl "180+2"]
[Date "2023.06.20"]
[WhiteClock "0:00:07"]
[BlackClock "0:00:27"]
[Board "165"]

1. e4 c5 2. f4 d6 3. Nf3 Bg4 4. Bb5+ Nd7 5. O-O a6 6. Be2 e6 7. d3 g6 8. h3 Bxf3 9. Bxf3 Bg7 10. c3 Ne7 11. Be3 O-O 12. Nd2 f5 13. Qe1 Rb8 14. Kh1 b5 15. a3 a5 16. d4 cxd4 17. Bxd4 e5 18. fxe5 dxe5 19. Bf2 h6 20. Qe2 Kh7 21. Rad1 Qc7 22. Rfe1 f4 23. Bg4 Nf6 24. Be6 Rfd8 25. Nf3 g5 26. Rxd8 Rxd8 27. Rd1 Rxd1+ 28. Qxd1 Qc6 29. Bf5+ Nxf5 30. exf5 e4 31. Ne5 Qc8 32. Qe2 Qxf5 33. Qxb5 f3 34. a4 fxg2+ 35. Kxg2 Nh5 36. Bg3 Nxg3 37. Kxg3 Bxe5+ 38. Kg2 Qf3+ 39. Kg1 Bg3 40. Qd7+ Kg6 41. Qe8+ Kf5 42. Qf7+ Ke5 43. Qe7+ Kd5 44. Qd7+ Kc4 45. Qb5# 1-0


[Site "https://www.chess.com"]

[Event "Titled Tuesday Blitz June 20 Late 2023"]
[White "Svicevic, Rastko"]
[Black "Pein, Jonathan"]
[WhiteFideId "916315"]
[BlackFideId "417092"]
[WhiteElo "2123"]
[BlackElo "2151"]
[Result "0-1"]
[Round "5"]
[TimeControl "180+2"]
[Date "2023.06.20"]
[WhiteClock "0:01:38"]
[BlackClock "0:01:53"]
[Board "166"]

1. e4 c5 2. a4 Nc6 3. c3 e6 4. Nf3 Nge7 5. d4 cxd4 6. Nxd4 d5 7. Nxc6 bxc6 8. Be3 dxe4 9. Nd2 Nd5 10. Nxe4 Nxe3 11. Qxd8+ Kxd8 12. fxe3 e5 13. Bc4 f6 14. O-O-O+ Kc7 15. b4 Bf5 16. Ng3 Bg6 17. e4 a5 18. b5 Ba3+ 19. Kc2 Rad8 20. Rxd8 Rxd8 21. Rb1 Bc5 22. bxc6 Kxc6 23. Bd5+ Rxd5 0-1


[Site "https://www.chess.com"]

[Event "Titled Tuesday Blitz June 20 Late 2023"]
[White "Ozalp, Burak"]
[Black "KSho99"]
[WhiteFideId "6314210"]
[WhiteElo "2106"]
[BlackElo "2203"]
[Result "1/2-1/2"]
[Round "5"]
[TimeControl "180+2"]
[Date "2023.06.20"]
[WhiteClock "0:01:18"]
[BlackClock "0:01:18"]
[Board "167"]

1. c4 f5 2. f4 Nf6 3. Nf3 d6 4. g3 g6 5. Bg2 Bg7 6. O-O O-O 7. Nc3 c6 8. b3 Nbd7 9. Bb2 Qe8 10. d3 e5 11. e4 exf4 12. gxf4 fxe4 13. Nxe4 Nxe4 14. Bxg7 Kxg7 15. dxe4 Rxf4 16. Qxd6 Qf8 17. Rad1 Qxd6 18. Rxd6 Nc5 19. e5 Bf5 20. Re1 Re8 21. b4 Ne6 22. Rd7+ Kg8 23. Rxb7 Rxc4 24. Rd1 Nf4 25. Rdd7 Bxd7 26. Rxd7 Nxg2 27. Kxg2 Rc2+ 28. Kg3 Rxa2 29. Ng5 h6 30. Ne4 Rxe5 31. Nf6+ Kf8 32. Nh7+ Kg8 33. Nf6+ Kf8 34. Nh7+ Kg8 35. Nf6+ 1/2-1/2


[Site "https://www.chess.com"]

[Event "Titled Tuesday Blitz June 20 Late 2023"]
[White "Thiel, Thomas"]
[Black "Cooper, Aaron"]
[WhiteFideId "4615964"]
[BlackFideId "2634945"]
[WhiteElo "2192"]
[BlackElo "2291"]
[Result "1-0"]
[Round "5"]
[TimeControl "180+2"]
[Date "2023.06.20"]
[WhiteClock "0:01:42"]
[BlackClock "0:00:32"]
[Board "168"]

1. e4 c5 2. Nc3 Nc6 3. Bb5 g6 4. Bxc6 dxc6 5. d3 Bg7 6. Be3 Qa5 7. Qd2 Nf6 8. Nge2 O-O 9. Bh6 Bxh6 10. Qxh6 c4 11. d4 Nxe4 12. O-O Nxc3 13. Nxc3 Bf5 14. Rfe1 Rfe8 15. Rac1 Qb6 16. Ne2 Qxb2 17. h3 e5 18. Ng3 Bd7 19. Ne4 Re6 20. Ng5 1-0


[Site "https://www.chess.com"]

[Event "Titled Tuesday Blitz June 20 Late 2023"]
[White "Ardila, Oscar Humberto"]
[Black "Powell, Paul"]
[WhiteFideId "4404742"]
[BlackFideId "2005840"]
[WhiteElo "1912"]
[BlackElo "2154"]
[Result "0-1"]
[Round "5"]
[TimeControl "180+2"]
[Date "2023.06.20"]
[WhiteClock "0:00:00"]
[BlackClock "0:00:08"]
[Board "169"]

1. d4 Nf6 2. c4 e5 3. dxe5 Ne4 4. Nf3 Bb4+ 5. Nbd2 Nc6 6. e3 O-O 7. a3 Bxd2+ 8. Bxd2 Nxd2 9. Qxd2 Re8 10. Qd5 Qe7 11. Be2 Nxe5 12. Nxe5 Qxe5 13. Qxe5 Rxe5 14. O-O-O d6 15. Bf3 Rb8 16. Rd4 Bf5 17. b4 h6 18. g3 Kf8 19. Rhd1 Bd7 20. Bd5 Bf5 21. g4 Bg6 22. h4 f6 23. Kd2 Bf7 24. f4 Re7 25. g5 Rbe8 26. Rg1 Bxd5 27. cxd5 Rxe3 28. gxh6 gxh6 29. Rg6 Re2+ 30. Kd1 Ra2 31. Rd2 Rxa3 32. Rxf6+ Kg7 33. Rf5 Ree3 34. Rg2+ Rg3 35. Re2 Ra1+ 36. Kd2 Ra2+ 37. Ke1 Rg1+ 38. Kf2 Rxe2+ 39. Kxe2 Rb1 40. Kf3 Rxb4 41. Kg4 a5 42. h5 a4 0-1


[Site "https://www.chess.com"]

[Event "Titled Tuesday Blitz June 20 Late 2023"]
[White "Alexikov, Alexander"]
[Black "Winkels, Marcel"]
[WhiteFideId "14103958"]
[BlackFideId "1003887"]
[WhiteElo "2186"]
[BlackElo "1900"]
[Result "0-1"]
[Round "5"]
[TimeControl "180+2"]
[Date "2023.06.20"]
[WhiteClock "0:00:00"]
[BlackClock "0:00:22"]
[Board "170"]

1. e4 Nf6 2. e5 Nd5 3. d4 d6 4. c4 Nb6 5. exd6 exd6 6. Nc3 Be7 7. Bd3 O-O 8. Nge2 Nc6 9. Be3 Bg4 10. O-O Bf6 11. f3 Re8 12. Qd2 Bh5 13. Ne4 Be7 14. Nf4 Bg6 15. Nxg6 hxg6 16. d5 Ne5 17. b3 f5 18. Nc3 Bf6 19. Bc2 Qe7 20. Bd4 Nbd7 21. Rae1 Qf7 22. h3 Nc5 23. Kh1 a5 24. Re2 Re7 25. Rfe1 Rae8 26. f4 Ned7 27. g4 Bh4 28. Rxe7 Rxe7 29. Rxe7 Qxe7 30. gxf5 Be1 31. Qe2 Qh4 32. Qf3 Bg3 33. Kg2 Bxf4 34. fxg6 Nf6 35. Bxf6 Qxf6 36. Ne4 Nxe4 37. Bxe4 Qb2+ 38. Qf2 Qe5 39. Bf3 Be3 40. Qg3 Qb2+ 41. Kh1 Qc1+ 0-1


[Site "https://www.chess.com"]

[Event "Titled Tuesday Blitz June 20 Late 2023"]
[White "Ricaurte Lopez, Juan Carlos"]
[Black "Sarkar, Justin"]
[WhiteFideId "3600327"]
[BlackFideId "2010011"]
[WhiteElo "2200"]
[BlackElo "2151"]
[Result "0-1"]
[Round "5"]
[TimeControl "180+2"]
[Date "2023.06.20"]
[WhiteClock "0:00:00"]
[BlackClock "0:00:06"]
[Board "171"]

1. e4 c5 2. d4 cxd4 3. c3 d3 4. Bxd3 Nc6 5. f4 d5 6. e5 Nh6 7. Nf3 Bf5 8. O-O Bxd3 9. Qxd3 e6 10. Be3 Nf5 11. Nbd2 Nxe3 12. Qxe3 Qb6 13. Qxb6 axb6 14. g4 Be7 15. Kg2 Ra4 16. Kg3 h5 17. g5 f6 18. b3 Ra8 19. h4 fxe5 20. Nxe5 Nxe5 21. fxe5 Rf8 22. Rxf8+ Kxf8 23. Nf3 Ke8 24. Nd4 Kd7 25. a4 Rf8 26. a5 bxa5 27. Rxa5 Rc8 28. Ra7 Rxc3+ 29. Kf4 Bc5 30. Rxb7+ Kc8 31. Nb5 Kxb7 32. Nxc3 Kc6 33. g6 d4 34. Ne4 Be7 35. Nf2 Kd5 36. Nd3 Bxh4 37. b4 Be7 38. b5 h4 39. Kg4 Bd8 40. Kf4 Kc4 41. Nf2 Kxb5 42. Ke4 Kc4 43. Nd3 h3 44. Nf2 h2 45. Kf3 Bh4 46. Nh1 d3 47. Kg4 d2 48. Kxh4 d1=Q 49. Nf2 h1=Q+ 50. Nxh1 Qxh1+ 51. Kg5 Kd5 52. Kf4 Qh2+ 53. Kg4 Kxe5 54. Kg5 Qg3+ 55. Kh5 Qh3+ 56. Kg5 Qh6+ 57. Kg4 Qxg6+ 58. Kf3 Kd4 59. Kf4 e5+ 60. Kf3 e4+ 61. Kf4 Qf6+ 62. Kg4 g6 0-1


[Site "https://www.chess.com"]

[Event "Titled Tuesday Blitz June 20 Late 2023"]
[White "Calderin Gonzalez, Roberto"]
[Black "Sala, Giulia"]
[WhiteFideId "5102979"]
[BlackFideId "2840451"]
[WhiteElo "2092"]
[BlackElo "1769"]
[Result "0-1"]
[Round "5"]
[TimeControl "180+2"]
[Date "2023.06.20"]
[WhiteClock "0:02:11"]
[BlackClock "0:02:38"]
[Board "172"]

1. e4 e6 2. d4 d5 3. e5 c5 4. c3 Nc6 5. Nf3 Qb6 6. a3 Nh6 7. b4 cxd4 8. cxd4 Nf5 9. Bb2 Bd7 10. Be2 Rc8 11. O-O Na5 12. bxa5 Qxb2 13. Bd3 Qxa1 14. Bxf5 exf5 15. Qb3 Be7 16. Qxb7 Be6 17. Qb3 O-O 18. Nbd2 Qxa3 19. Qb7 Rb8 20. Qxa7 Ra8 21. Qb7 Rfb8 22. Qc7 Rc8 23. Qa7 0-1


[Site "https://www.chess.com"]

[Event "Titled Tuesday Blitz June 20 Late 2023"]
[White "Yoo, Christopher Woojin"]
[Black "Nakamura, Hikaru"]
[WhiteFideId "30909694"]
[BlackFideId "2016192"]
[WhiteElo "2528"]
[BlackElo "2874"]
[Result "1-0"]
[Round "6"]
[TimeControl "180+2"]
[Date "2023.06.20"]
[WhiteClock "0:00:04"]
[BlackClock "0:00:17"]
[Board "1"]

1. e4 c5 2. Nf3 g6 3. c3 Bg7 4. d4 cxd4 5. cxd4 d5 6. e5 Nc6 7. Bb5 Nh6 8. O-O O-O 9. h3 f6 10. Re1 Nf7 11. exf6 exf6 12. Nc3 a6 13. Ba4 Na5 14. Bb3 Nc4 15. Bf4 b5 16. a4 Nxb2 17. Qe2 Nxa4 18. Nxd5 Kh8 19. Rac1 g5 20. Bc7 Qd7 21. Bg3 Ra7 22. Qd2 Qd8 23. Bc7 Qd7 24. Re7 Qf5 25. Ne3 Qg6 26. d5 g4 27. hxg4 Bxg4 28. Nxg4 Qxg4 29. d6 Bh6 30. Rxf7 Rxf7 31. Qxh6 Rg7 32. Qh2 Qf4 33. Qxf4 Nc3 34. Rxc3 1-0


[Site "https://www.chess.com"]

[Event "Titled Tuesday Blitz June 20 Late 2023"]
[White "Sviridov, Valery"]
[Black "Martinez Alcantara, Jose Eduardo"]
[WhiteFideId "4120680"]
[BlackFideId "3805662"]
[WhiteElo "2457"]
[BlackElo "2711"]
[Result "0-1"]
[Round "6"]
[TimeControl "180+2"]
[Date "2023.06.20"]
[WhiteClock "0:00:17"]
[BlackClock "0:00:13"]
[Board "2"]

1. d4 Nf6 2. Nf3 e6 3. e3 b6 4. Nbd2 Bb7 5. Bd3 d6 6. O-O Nbd7 7. e4 Be7 8. Re1 e5 9. c3 O-O 10. Nf1 Re8 11. Ng3 Bf8 12. Bg5 h6 13. Bd2 a6 14. a4 g6 15. Qc1 Kh7 16. h3 Bg7 17. Qc2 Qc8 18. Bc4 Re7 19. Bd3 c5 20. dxe5 Nxe5 21. Nxe5 dxe5 22. Bc4 Bc6 23. Be3 Qb7 24. f3 Rd7 25. Bf1 a5 26. Qb3 Rad8 27. Bc4 h5 28. Rad1 Bh6 29. Nf1 Bxe3+ 30. Nxe3 Kg7 31. h4 Qc7 32. Bf1 Rxd1 33. Rxd1 Rxd1 34. Qxd1 Qe7 35. Nc4 Nd7 36. g3 Qe6 37. b3 f5 38. Qd6 Qxd6 39. Nxd6 fxe4 40. fxe4 Nf6 41. Bd3 Kf8 42. Kf2 Nd7 43. Ke3 Ke7 44. Nc4 Kf6 45. Bf1 g5 46. hxg5+ Kxg5 47. Bh3 Nf6 48. Bf5 b5 49. Nxa5 bxa4 50. Nxc6 a3 51. Nxe5 Ng4+ 52. Bxg4 a2 53. Be2 a1=Q 54. Nf3+ Kg4 55. Nd2+ Kxg3 56. Bxh5 Qxc3+ 57. Ke2 Kf4 58. Bf7 Qe3+ 59. Kd1 Qc3 60. Ke2 Qg7 61. Bc4 Qg2+ 62. Kd3 Qg3+ 63. Kc2 Ke5 64. Be2 Kd4 65. Nf3+ Kxe4 66. Nd2+ Kd4 67. Nf3+ Ke3 68. Bd1 Qg6+ 69. Kc3 Qd3+ 0-1


[Site "https://www.chess.com"]

[Event "Titled Tuesday Blitz June 20 Late 2023"]
[White "Firouzja, Alireza"]
[Black "Kollars, Dmitrij"]
[WhiteFideId "12573981"]
[BlackFideId "12909572"]
[WhiteElo "2896"]
[BlackElo "2584"]
[Result "1-0"]
[Round "6"]
[TimeControl "180+2"]
[Date "2023.06.20"]
[WhiteClock "0:00:55"]
[BlackClock "0:00:02"]
[Board "3"]

1. d4 Nf6 2. Bg5 d5 3. e3 c5 4. Bxf6 gxf6 5. dxc5 e6 6. c4 dxc4 7. Nd2 c3 8. bxc3 Nd7 9. c6 bxc6 10. Ngf3 Bg7 11. Be2 O-O 12. O-O c5 13. e4 Qc7 14. Re1 Rd8 15. Qc2 Rb8 16. Nf1 Ne5 17. Ng3 Bb7 18. Nd2 Ng6 19. Bf1 Nf4 20. Nc4 Rd7 21. Rab1 Rbd8 22. Qa4 Ba8 23. Na3 Nd3 24. Bxd3 Rxd3 25. Nb5 Qd7 26. Qa5 Rb8 27. Qxa7 Qxa7 28. Nxa7 Rbd8 29. a4 Rxc3 30. Red1 Rxd1+ 31. Rxd1 Bf8 32. h3 Ra3 33. Rd8 Bb7 34. Rb8 Ba6 35. Nh5 c4 36. Nc6 h6 37. Ne7+ Kh7 38. Rxf8 c3 39. Rxf7+ 1-0


[Site "https://www.chess.com"]

[Event "Titled Tuesday Blitz June 20 Late 2023"]
[White "Rustemov, Alexander"]
[Black "Paravyan, David"]
[WhiteFideId "4119002"]
[BlackFideId "4194985"]
[WhiteElo "2875"]
[BlackElo "2563"]
[Result "0-1"]
[Round "6"]
[TimeControl "180+2"]
[Date "2023.06.20"]
[WhiteClock "0:00:00"]
[BlackClock "0:01:31"]
[Board "4"]

1. d4 Nf6 2. Nf3 g6 3. g3 Bg7 4. Bg2 d5 5. O-O O-O 6. c3 Nbd7 7. Re1 a5 8. Nbd2 a4 9. e4 Nxe4 10. Nxe4 dxe4 11. Rxe4 e5 12. dxe5 Nxe5 13. Bf4 Qxd1+ 14. Rxd1 Nxf3+ 15. Bxf3 a3 16. b3 Bxc3 17. Rc4 Ba5 18. Bxc7 Be6 19. Rcc1 Bxc7 20. Rxc7 Rac8 21. Rxb7 Rc2 22. Ra1 Rd8 23. Ra7 Rdd2 24. Rxa3 Rxf2 25. Ba8 Rxh2 26. Ra5 Rhd2 27. Rb1 Rc3 28. b4 Rxg3+ 29. Kh1 Bxa2 30. Ra1 Be6 31. Rb1 Bf5 32. Rxf5 gxf5 33. b5 Rd4 34. Bg2 f4 35. Kh2 Rd2 36. Rg1 Rb2 0-1


[Site "https://www.chess.com"]

[Event "Titled Tuesday Blitz June 20 Late 2023"]
[White "Terry, Renato"]
[Black "Cardoso Cardoso, Jose Gabriel"]
[WhiteFideId "3803457"]
[BlackFideId "4430492"]
[WhiteElo "2575"]
[BlackElo "2484"]
[Result "1-0"]
[Round "6"]
[TimeControl "180+2"]
[Date "2023.06.20"]
[WhiteClock "0:01:39"]
[BlackClock "0:01:07"]
[Board "5"]

1. d4 Nf6 2. Nf3 d5 3. c4 e6 4. Nc3 Bb4 5. Qa4+ Nc6 6. Bg5 dxc4 7. e3 Qd5 8. Bxf6 gxf6 9. Qc2 b5 10. a4 f5 11. axb5 Qxb5 12. Be2 a5 13. O-O Bxc3 14. Qxc3 Ba6 15. d5 Rg8 16. dxc6 Qxc6 17. Rxa5 Bb7 18. Rxa8+ Bxa8 19. Rd1 Qc5 20. Qf6 Bd5 21. g3 Rg6 22. Qh8+ Ke7 23. Ne5 Rf6 24. Qxf6+ 1-0


[Site "https://www.chess.com"]

[Event "Titled Tuesday Blitz June 20 Late 2023"]
[White "Bryakin, Mikhail"]
[Black "Anton Guijarro, David"]
[WhiteFideId "4165314"]
[BlackFideId "2285525"]
[WhiteElo "2464"]
[BlackElo "2618"]
[Result "1/2-1/2"]
[Round "6"]
[TimeControl "180+2"]
[Date "2023.06.20"]
[WhiteClock "0:01:06"]
[BlackClock "0:00:28"]
[Board "6"]

1. c4 e6 2. Nf3 d5 3. g3 dxc4 4. Qa4+ Nd7 5. Qxc4 a6 6. Bg2 b5 7. Qc2 Bb7 8. O-O Ngf6 9. b3 Be7 10. Bb2 c5 11. d3 O-O 12. Nbd2 Rc8 13. a4 Qb6 14. axb5 axb5 15. Rfc1 h6 16. Qd1 Rfd8 17. Qf1 Nb8 18. Ne5 Nd5 19. h4 Nc6 20. Nxc6 Bxc6 21. Nf3 Bb7 22. Ne5 Bf6 23. Rcb1 Nb4 24. Nf3 Bxb2 25. Rxb2 Ra8 26. Rbb1 Nc2 27. Rxa8 Rxa8 28. Qc1 Nb4 29. Ra1 Rc8 30. Qb2 Rd8 31. Qe5 Bxf3 32. Bxf3 Nc2 33. Rc1 Nd4 34. Qxc5 Qxc5 35. Rxc5 Nxf3+ 36. exf3 b4 37. Rc4 Rxd3 38. Rxb4 Rxf3 1/2-1/2


[Site "https://www.chess.com"]

[Event "Titled Tuesday Blitz June 20 Late 2023"]
[White "Kramnik, Vladimir"]
[Black "Zakhartsov, Vladimir"]
[WhiteFideId "4101588"]
[BlackFideId "4145097"]
[WhiteElo "2703"]
[BlackElo "2508"]
[Result "1-0"]
[Round "6"]
[TimeControl "180+2"]
[Date "2023.06.20"]
[WhiteClock "0:00:04"]
[BlackClock "0:00:00"]
[Board "7"]

1. e4 c5 2. Nf3 d6 3. d4 cxd4 4. Nxd4 Nf6 5. Nc3 g6 6. Be2 Bg7 7. O-O Nc6 8. Be3 O-O 9. Qd2 d5 10. exd5 Nxd5 11. Nxc6 bxc6 12. Rfd1 Bf5 13. Nxd5 cxd5 14. c3 Qb8 15. a4 Rd8 16. a5 Qc7 17. Bf3 Rab8 18. Ra3 Rb5 19. b4 e5 20. c4 Qxc4 21. Bxa7 Qxb4 22. Qxb4 Rxb4 23. Bb6 Rb8 24. Bxd5 Bf8 25. Rc3 R4xb6 26. axb6 Rxb6 27. Rc7 Be6 28. Bxe6 Rxe6 29. g3 Rf6 30. Kg2 Kg7 31. Rdd7 h5 32. h3 Rf5 33. Rc8 Ba3 34. Rdd8 Kf6 35. Rc6+ Kg7 36. f3 Bb2 37. Rcc8 Kf6 38. Rg8 Bd4 39. Rc6+ Ke7 40. Rb8 Kd7 41. Ra6 Kc7 42. Rb1 Rg5 43. h4 Rf5 44. Rc1+ Kb7 45. Rd6 1-0


[Site "https://www.chess.com"]

[Event "Titled Tuesday Blitz June 20 Late 2023"]
[White "Grischuk, Alexander"]
[Black "Riehle, Marco"]
[WhiteFideId "4126025"]
[BlackFideId "12904392"]
[WhiteElo "2721"]
[BlackElo "2462"]
[Result "1-0"]
[Round "6"]
[TimeControl "180+2"]
[Date "2023.06.20"]
[WhiteClock "0:00:33"]
[BlackClock "0:00:32"]
[Board "8"]

1. d4 d5 2. Nf3 e6 3. Bf4 Bd6 4. e3 c5 5. c3 Nf6 6. Nbd2 O-O 7. Bd3 cxd4 8. Bxd6 Qxd6 9. exd4 b6 10. Qe2 a5 11. a4 Ba6 12. Ne5 Bxd3 13. Nxd3 Nbd7 14. O-O Rfb8 15. Nf3 b5 16. axb5 Rxb5 17. Ra2 h6 18. Rfa1 Qb6 19. g3 Ne4 20. Kg2 Rb8 21. Nd2 Ndf6 22. Nf3 Nd7 23. Ra4 Kh8 24. R1a2 Kg8 25. h3 Kh8 26. Nd2 Ndf6 27. Nb1 Kg8 28. Na3 Rb3 29. Nc2 Rb5 30. Ne3 Qc7 31. Ng4 Nxg4 32. hxg4 Nd6 33. Qe5 Qd8 34. Qf4 Nc4 35. b4 axb4 36. Nxb4 R5b6 37. Ra7 Nd6 38. Nd3 Rb2 39. Nxb2 1-0


[Site "https://www.chess.com"]

[Event "Titled Tuesday Blitz June 20 Late 2023"]
[White "Leitao, Rafael"]
[Black "Liang, Awonder"]
[WhiteFideId "2101246"]
[BlackFideId "2056437"]
[WhiteElo "2609"]
[BlackElo "2508"]
[Result "1/2-1/2"]
[Round "6"]
[TimeControl "180+2"]
[Date "2023.06.20"]
[WhiteClock "0:00:17"]
[BlackClock "0:00:18"]
[Board "9"]

1. c4 b6 2. d4 Bb7 3. Nc3 e6 4. a3 d6 5. e4 Nd7 6. Nf3 g6 7. Bd3 Bg7 8. O-O Ne7 9. Re1 h6 10. h3 e5 11. d5 a5 12. Rb1 O-O 13. b4 axb4 14. axb4 f5 15. Bd2 f4 16. Na4 Bc8 17. c5 g5 18. cxd6 cxd6 19. Nc3 Nf6 20. Nb5 Ng6 21. Rc1 Rf7 22. Qc2 g4 23. hxg4 Bxg4 24. Be2 Rc8 25. Qb1 Rxc1 26. Rxc1 Nh7 27. Qc2 Bf8 28. Nc7 Ng5 29. Nxg5 Qxg5 30. Bxg4 Qxg4 31. f3 Qd7 32. Ne6 Qb5 33. Be1 Be7 34. Qc6 Qe2 35. Qxb6 Bh4 36. Bxh4 Nxh4 37. Qf2 Qe3 38. Qxe3 fxe3 39. b5 Rb7 40. Rb1 Rb6 41. Kf1 Kf7 42. Ke2 Nxg2 43. Nc7 Rb7 44. b6 h5 45. Ne6 Ke8 46. Rg1 Nf4+ 47. Kxe3 Nxe6 48. dxe6 Rxb6 49. Rg7 Rb3+ 50. Kf2 Rb1 51. Rh7 Rh1 52. Kg2 Ra1 53. Rxh5 Ke7 54. Rh6 Ra8 55. Kg3 Rg8+ 56. Kf2 Rf8 57. Ke3 Rb8 58. Kf2 Rb2+ 59. Kg3 Rb8 60. Kf2 Rg8 61. Ke3 Rf8 62. Kf2 Rg8 63. Ke3 Rg2 64. Kd3 Rg3 65. Ke3 Rg1 66. Kf2 Rg5 67. Ke3 Rg7 68. Kf2 Rg8 1/2-1/2


[Site "https://www.chess.com"]

[Event "Titled Tuesday Blitz June 20 Late 2023"]
[White "Tsaruk, Maksim"]
[Black "Van Foreest, Jorden"]
[WhiteFideId "13511173"]
[BlackFideId "1039784"]
[WhiteElo "2363"]
[BlackElo "2633"]
[Result "1-0"]
[Round "6"]
[TimeControl "180+2"]
[Date "2023.06.20"]
[WhiteClock "0:00:56"]
[BlackClock "0:00:25"]
[Board "11"]

1. e4 c6 2. d4 d5 3. Nc3 dxe4 4. Nxe4 Bf5 5. Ng3 Bg6 6. Nf3 Nd7 7. h4 h6 8. h5 Bh7 9. Bd3 Bxd3 10. Qxd3 e6 11. Bd2 Ngf6 12. O-O-O Be7 13. Kb1 Qb6 14. Rhe1 O-O 15. Nf5 Rfe8 16. Nxh6+ gxh6 17. g4 Qb5 18. c4 Qb6 19. g5 Ng4 20. g6 Nf8 21. gxf7+ Kxf7 22. Rg1 Bf6 23. Rxg4 Ke7 24. Bxh6 Nd7 25. Ne5 Rh8 26. Ng6+ Kf7 27. Nxh8+ Rxh8 28. Bg7 Rg8 29. Qg6+ Ke7 30. Qh7 Rxg7 31. Rxg7+ Bxg7 32. Qxg7+ Kd8 33. h6 Qa5 34. h7 Qf5+ 35. Ka1 1-0


[Site "https://www.chess.com"]